Construct Infanterie Kompanie
Selects Luftwaffe Battlegroup
Selects Luftwaffe Pioneer Support
Construct Panzergrenadier Kompanie
Pak 40 Anti-tank Gun Team
Fallschirmpioneer Squad Paradrop
Selects LG40 Recoilless Gun Paradrop
Pak 40 Anti-tank Gun Team
Panzergrenadier Officer Quarters
Nebelwerfer 42 Rocket Launcher Team
Selects Reconnaissance Run
Selects Reconnaissance Run
Fallschirmpioneer Squad Paradrop
Selects Infantry Reserves
Construct Luftwaffe Kompanie
Marder III M Tank Destroyer